 Adventure DCSS version bcrawl-1.21.2-28-g2cb1824106 (webtiles) character file.

Game seed: 12689621815763312779

11 Defined the Protected (level 2, 29/29 HPs)
             Began as a Gnoll Wanderer on Mar 7, 2020.
             Was an Initiate of Ashenzari.
             Quit the game on level 3 of the Dungeon on Mar 8, 2020.
             The game lasted 00:06:16 (2258 turns).

Defined the Protected (Gnoll Wanderer)              Turns: 2258, Time: 00:06:16

Health: 29/29      AC:  8    Str: 16    XL:     2   Next: 25%
Magic:  3/3        EV: 11    Int: 19    God:    Ashenzari [......]
Gold:   149        SH:  0    Dex: 14    Spells: 3/3 levels left
                                        Lives:  0   Deaths: 2

rFire    . . .     SeeInvis .   a - +2 dagger
rCold    + . .     Gourm    .   (no shield)
rNeg     . . .     Faith    .   r - +2 ring mail {MR+} (curse)
rPois    .         Spirit   .   (no helmet)
rElec    .         Reflect  .   (no cloak)
rCorr    .         Harm     .   (no gloves)
MR       +....                  (no boots)
Stlth    ++........             (no amulet)
HPRegen  0.09/turn              q - +5 ring of intelligence
MPRegen  0.08/turn              w - ring of protection from cold (curse)

@: no status effects
A: distributed training, fangs 1, strong nose
a: Curse Item, Renounce Religion


You were on level 3 of the Dungeon.
You worshipped Ashenzari.
Ashenzari was noncommittal.
You were not hungry.

You visited 1 branch of the dungeon, and saw 3 of its levels.

You collected 149 gold pieces.

Inventory:

Hand Weapons
 a - a +2 dagger (weapon)
Missiles
 b - 49 poisoned tomahawks (quivered)
 f - 127 bolts
 u - 68 javelins
Armour
 r - a cursed +2 ring mail of magic resistance (worn)
Jewellery
 q - a +5 ring of intelligence (left hand)
 w - a cursed ring of protection from cold (right hand)
Scrolls
 d - a scroll of enchant armour {unknown}
 g - 3 scrolls of remove curse
 k - a scroll of fear {unknown}
 m - a scroll of magic mapping {unknown}
 o - a scroll of amnesia {unknown}
 s - 2 scrolls of immolation {unknown}
 t - a scroll of teleportation {unknown}
Potions
 c - a potion of degeneration {unknown}
 h - a potion of curing
 i - a potion of heal wounds {unknown}
 l - a potion of lignification {unknown}
 p - a potion of ambrosia {unknown}
Comestibles
 e - 2 rations {!d}
 x - 2 chunks of flesh


   Skills:
 + Level 6.6 Fighting
 + Level 1.0 Short Blades
 + Level 1.0 Long Blades
 + Level 1.0 Axes
 + Level 1.0 Maces & Flails
 + Level 1.0 Polearms
 + Level 1.0 Staves
 + Level 1.0 Slings
 + Level 1.0 Bows
 + Level 2.7 Crossbows
 + Level 2.7 Throwing
 + Level 8.5 Armour
 + Level 1.0 Dodging
 + Level 2.7 Stealth
 + Level 1.0 Shields
 + Level 1.0 Unarmed Combat
 + Level 1.0 Spellcasting
 + Level 0.8 Conjurations
 + Level 0.8 Hexes
 + Level 0.8 Charms
 + Level 0.8 Summonings
 + Level 0.8 Necromancy
 + Level 0.8 Translocations
 + Level 0.8 Transmutations
 + Level 0.8 Fire Magic
 + Level 0.8 Ice Magic
 + Level 0.8 Air Magic
 + Level 0.8 Earth Magic
 + Level 0.8 Poison Magic
 + Level 1.1 Invocations
 + Level 1.0 Evocations


You had 3 spell levels left.
You didn't know any spells.
Your spell library was empty.

Dungeon Overview and Level Annotations

Branches:
Dungeon (3/12)

Altars:
Ashenzari
Hepliaklqana


Innate Abilities, Weirdness & Mutations

Your experience applies equally to all skills.
You have very sharp teeth.
Your uncanny sense of smell can sniff out nearby items.


Message History

Beogh smites you!
* * * LOW HITPOINT WARNING * * *
The orc closely misses you.
You hit the orc priest. Your bite misses the orc priest.
The orc priest is severely wounded.
The orc hits you but does no damage. The orc hits you.
You die...
Xom reaches out...
You are now level 2!
You rejoin the land of the living...
Found a scroll labeled UBLORR BAJUREACW.
You hear the sound of rushing water.
There is an entrance to a sewer on this level.
Hurry and find it before the portal rusts away!
Welcome back, Defined the Gnoll Wanderer.
Ashenzari says: Partake of my vision.
Partake of my curse.
Press ? for a list of commands and other information.
d - a scroll labeled UBLORR BAJUREACW You don't know any spells.
Unknown command.
Are you sure you want to abandon this character and quit the game? (Confirm with "yes".)

∆ . . . #+###+#### #.
#...... .........# #.
#...... .........# #.
#......
........@#####.####......
.........................
..................(..#.##
.....†...######.#......#
........#...<..........#
........##.#)##.[......##
........##.#..†g.........
....... #...............
#...............


There were no monsters in sight!

Vanquished Creatures
  4 worms
  2 dart slugs (D:1)
  2 leopard geckos (D:1)
  2 giant cockroaches (D:1)
  7 hobgoblins
  5 jackals
  A quokka (D:2)
  9 bats
  5 frilled lizards
  3 goblins
  8 kobolds
  5 rats
53 creatures vanquished.

Notes
Turn   | Place    | Note
-------+----------+-------------------------------------------
     0 | D:1      | Defined the Gnoll Wanderer began the quest for the Orb.
     0 | D:1      | Defined set off with the following items: a +2 dagger, 55
                  | poisoned tomahawks, a +0 ring mail, a +0 hand crossbow, a
                  | ration {!d}, 127 bolts
     0 | D:1      | Reached XP level 1. HP: 23/23 MP: 1/1
   122 | D:1      | Reached XP level 2. HP: 25/29 MP: 2/2
   610 | D:1      | Reached XP level 3. HP: 31/35 MP: 3/3
  1267 | D:2      | Reached skill level 1 in Invocations
  1596 | D:2      | Reached skill level 1 in Short Blades
  1596 | D:2      | Reached skill level 1 in Long Blades
  1596 | D:2      | Reached skill level 1 in Axes
  1596 | D:2      | Reached skill level 1 in Maces & Flails
  1596 | D:2      | Reached skill level 1 in Polearms
  1596 | D:2      | Reached skill level 1 in Staves
  1596 | D:2      | Reached skill level 1 in Slings
  1596 | D:2      | Reached skill level 1 in Bows
  1596 | D:2      | Reached skill level 1 in Dodging
  1596 | D:2      | Reached skill level 1 in Shields
  1596 | D:2      | Reached skill level 1 in Unarmed Combat
  1596 | D:2      | Reached skill level 1 in Spellcasting
  1596 | D:2      | Reached skill level 1 in Evocations
  1627 | D:2      | Found a hazy altar of Hepliaklqana.
  1747 | D:2      | Reached XP level 4. HP: 35/41 MP: 5/5
  1887 | D:2      | Found a shattered altar of Ashenzari.
  1970 | D:2      | Became a worshipper of Ashenzari the Shackled
  2221 | D:3      | Killed from afar by an orc priest
  2222 | D:3      | Reached XP level 3. HP: -1/35 MP: 4/4
  2253 | D:3      | HP: 1/35 [orc priest/divine providence (13)]
  2254 | D:3      | Slain by an orc
  2255 | D:3      | Reached XP level 2. HP: 0/29 MP: 3/3
  2258 | D:3      | Quit the game

Skill      XL: |  1  2  3 |
---------------+----------+-----
Invocations    | 1 |  1.1
Short Blades   | 1 |  1.0
Long Blades    | 1 |  1.0
Axes           | 1 |  1.0
Maces & Flails | 1 |  1.0
Polearms       | 1 |  1.0
Staves         | 1 |  1.0
Slings         | 1 |  1.0
Bows           | 1 |  1.0
Dodging        | 1 |  1.0
Shields        | 1 |  1.0
Unarmed Combat | 1 |  1.0
Spellcasting   | 1 |  1.0
Evocations     | 1 |  1.0
Fighting       | |  6.6
Crossbows      | |  2.7
Throwing       | |  2.7
Armour         | |  8.5
Stealth        | |  2.7
Conjurations   | |  0.8
Hexes          | |  0.8
Charms         | |  0.8
Summonings     | |  0.8
Necromancy     | |  0.8
Translocations | |  0.8
Transmutations | |  0.8
Fire Magic     | |  0.8
Ice Magic      | |  0.8
Air Magic      | |  0.8
Earth Magic    | |  0.8
Poison Magic   | |  0.8

Action                   |  1- 3 |  4- 6 || total
-------------------------+-------+-------++-------
Melee: Dagger            |   177 |    28 ||   205
       Bite              |    19 |     5 ||    24
Throw: Tomahawk          |       |     6 ||     6
Invok: Curse Item        |       |     2 ||     2
  Use: Scroll            |       |     1 ||     1
 Stab: Sleeping          |     4 |       ||     4
  Eat: Chunk             |     3 |     1 ||     4
Armor: Ring mail         |    84 |    12 ||    96
Dodge: Dodged            |   104 |    19 ||   123
